 Dungeon Crawl Stone Soup version 0.30.0-29-ga12c61a403 (webtiles) character file.

Game seed: 8141046732304302207

661 LustLizard the Ruffian (level 7, -1/49 HPs)
             Began as an Octopode Berserker on June 15, 2023.
             Was a Priest of Trog.
             Slain by an ogre
             ... wielding a +0 giant club
              (22 damage)
             ... on level 5 of the Dungeon.
             The game lasted 00:04:08 (3465 turns).

LustLizard the Ruffian (Octopode Berserker)         Turns: 3465, Time: 00:04:09

Health: -1/49      AC:  1    Str: 25    XL:     7   Next: 56%
Magic:  7/7        EV: 14    Int:  9    God:    Trog [***...]
Gold:   141        SH:  0    Dex: 11    Spells: 6/6 levels left

rFire   + .          .
                       - Unarmed
rCold   . . .        (no shield)
rNeg    . . .        (helmet restricted)
rPois   .            k - amulet of the acrobat
rElec   .            i - +6 ring of strength
rCorr   .            e - ring of protection from fire
SInv    .            (no ring)
Will    .....        (no ring)
Stlth   +++          (no ring)
HPRegen 0.28/turn    (no ring)
MPRegen 0.10/turn    (no ring)
                     (no ring)

%: acrobat
@: no status effects
A: almost no armour, amphibious, 8 rings, camouflage 1, gelatinous body 1,
(nimble swimmer 1), tentacles
a: Renounce Religion, Berserk, Trog's Hand


You were on level 5 of the Dungeon.
You worshipped Trog.
Trog was most pleased with you.
You visited 1 branch of the dungeon, and saw 5 of its levels.

You collected 141 gold pieces.

Inventory:

Missiles
 g - a throwing net (quivered)
 t - 5 poisoned darts
Jewellery
 e - a ring of protection from fire (right tentacle)
 i - a +6 ring of strength (left tentacle)
 k - an amulet of the acrobat (around mantle)
Wands
 l - a wand of roots (6)
 s - a wand of flame (30)
Scrolls
 b - a scroll of blinking {unknown}
 d - a scroll of poison
 f - 2 scrolls of immolation {unknown}
 h - 2 scrolls of teleportation
 j - a scroll of amnesia {unknown}
 m - a scroll of fog {unknown}
 q - a scroll of butterflies {unknown}
 r - 2 scrolls of fear
 x - a scroll of noise {unknown}
Potions
 a - 4 potions of heal wounds
 c - 3 potions of curing
 n - a potion of berserk rage {unknown}
 o - 2 potions of resistance {unknown}
 p - 3 potions of haste
 u - a potion of invisibility {unknown}
 v - 2 potions of flight {unknown}
 w - 2 potions of ambrosia {unknown}
 z - a potion of might {unknown}


   Skills:
 + Level 4.7 Fighting
 + Level 4.7 Dodging
 - Level 3.8 Stealth
 * Level 6.0 Unarmed Combat


You had 6 spell levels left.
You didn't know any spells.
Your spell library was empty.

Dungeon Overview and Level Annotations

Branches:
Dungeon (5/15)             Temple (0/1) D:4

Altars:
Xom
Zin

Shops:
D:3 :

Annotations:
D:2 1 runed translucent door, Crazy Yiuf


Innate Abilities, Weirdness & Mutations

You cannot wear most types of armour.
You are amphibious.
You can wear up to eight rings at the same time.
Your skin changes colour to match your surroundings (Stealth+).
Your rubbery body absorbs attacks. (AC +1, EV +1)
((You are camouflaged when in or above water. (Stealth+)))
You have tentacles for arms and can constrict up to eight enemies at once.


Message History

You constrict Natasha. Natasha closely misses you.
You barely miss Natasha.
Natasha is heavily wounded.
You constrict Natasha. Natasha casts a spell at you. The magic dart hits you.
You bludgeon Natasha!
You kill Natasha!
Trog accepts your kill.
Trog appreciates your killing of a magic user.
You feel Natasha's spirit has finally been put to rest.
No target in view!
s - a wand of flame (30) (gained 16 charges)
You see here the felid corpse of Natasha.
There is a stone staircase leading down here.
You climb downwards.
There is a stone staircase leading up here.
As you read the scroll labelled RANEDE HECSOZUEBB, it crumbles to dust.
You assume a fearsome visage.
Nothing appears to happen.
It was a scroll of fear.
As you read the scroll of identify, it crumbles to dust.
c - 3 potions of curing HP restored.
An ogre comes into view. It is wielding a +0 giant club.
Found a hand axe.
You see here a +0 hand axe.
The helpless ogre fails to defend itself.
You tentacle-slap the ogre.
Your tentacle-slap misses the ogre.
The ogre is lightly wounded.
You tentacle-slap the ogre. You tentacle-slap the ogre!
The ogre is heavily wounded.
The ogre hits you with a +0 giant club!!
Ouch! That really hurt!
You are too injured to fight recklessly!
You are too injured to fight recklessly!
You are too injured to fight recklessly!
You tentacle-slap the ogre but do no damage.
The ogre is heavily wounded.
The ogre hits you with a +0 giant club!!
You die...

##### #
#...#.#
###.#<..#
#O@.#...#
#.....#####.#
#####. .# ##
##


You could see an ogre.

Vanquished Creatures
  Eustachio (D:4)
  Menkaure (D:4)
  A black bear (D:4)
  A phantom (D:4)
  Natasha (thrice) (D:4)
  Robin (D:2)
  7 adders
  A worm (D:2)
  2 dart slugs
  7 orcs (D:3)
  9 ball pythons
  4 endoplasms
  2 giant cockroaches
  17 goblins
  6 hobgoblins
  5 kobolds
  4 quokkas
  5 bats
  2 frilled lizards (D:1)
  3 rats
82 creatures vanquished.

Notes
Turn   | Place    | Note
-------+----------+-------------------------------------------
     0 | D:1      | LustLizard the Octopode Berserker began the quest for the
                  | Orb.
     0 | D:1      | Reached XP level 1. HP: 16/16 MP: 1/1
    89 | D:1      | Reached XP level 2. HP: 21/21 MP: 2/2
    95 | D:1      | Reached skill level 1 in Stealth
   394 | D:1      | Reached ** piety under Trog
   395 | D:1      | Reached XP level 3. HP: 26/26 MP: 3/3
   652 | D:1      | Found a faded altar of an unknown god.
   713 | D:2      | Noticed Robin
   727 | D:2      | Killed Robin
   912 | D:2      | Reached XP level 4. HP: 31/31 MP: 4/4
  1355 | D:2      | Found a runed translucent door.
  1356 | D:2      | Noticed Crazy Yiuf
  1406 | D:3      | Found Xumed's Book Emporium.
  1446 | D:3      | Reached skill level 4 in Unarmed Combat
  1861 | D:3      | Reached XP level 5. HP: 33/36 MP: 5/5
  2169 | D:3      | Found a glowing silver altar of Zin.
  2389 | D:4      | Found a staircase to the Ecumenical Temple.
  2559 | D:4      | Noticed a black bear
  2571 | D:4      | Killed a black bear
  2572 | D:4      | Reached XP level 6. HP: 25/43 MP: 6/6
  2734 | D:4      | Reached skill level 5 in Unarmed Combat
  2849 | D:4      | Found a shimmering altar of Xom.
  2909 | D:4      | Reached *** piety under Trog
  3127 | D:4      | Noticed Natasha
  3128 | D:4      | Noticed Eustachio
  3134 | D:4      | Killed Eustachio
  3135 | D:4      | Reached XP level 7. HP: 38/49 MP: 7/7
  3138 | D:4      | Killed Natasha
  3272 | D:4      | Noticed Menkaure
  3276 | D:4      | Killed Menkaure
  3395 | D:4      | Noticed Natasha
  3400 | D:4      | Killed Natasha
  3401 | D:4      | Reached skill level 6 in Unarmed Combat
  3415 | D:4      | Noticed Natasha
  3423 | D:4      | Killed Natasha
  3435 | D:5      | Entered Level 5 of the Dungeon
  3465 | D:5      | Slain by an ogre

Illustrated notes

Levels and vault maps discovered:
D:1:      minmay_arrival_four_circles, layout_loops_ring,
          shapermc_ecumenical_altar_mp_vishouse,
          hangedman_abyss_or_decor_lesser_grid, bh_walls_and_bars
D:2:      layout_basic, uniq_robin, uniq_crazy_yiuf_cottage
D:3:      layout_basic, zin_scriptorium, serial_shops, shop,
          chequers_serial_rivers_marsh, minmay_snake_closets
D:4:      layout_loops_corners, xom_teletrap_fun, temple_fountains,
          uniq_natasha, uniq_menkaure, uniq_eustachio
D:5:      layout_loops_ring, uniq_grinder, uniq_edmund

Skill      XL: |  1  2  3  4  5  6  7 |
---------------+----------------------+-----
Stealth        | 1 2 3 |  3.8
Unarmed Combat | 4 5 6 |  6.0
Fighting       | 4 |  4.7
Dodging        | 4 |  4.7

Action                     |  1- 3 |  4- 6 |  7- 9 || total
---------------------------+-------+-------+-------++-------
  Melee: Unarmed           |    65 |    81 |    17 ||   163
         Tentacles         |     7 |    18 |     3 ||    28
         Constrict         |    11 |    17 |     3 ||    31
         Punch             |     2 |     2 |     1 ||     5
 Invoke: Berserk           |     1 |     2 |     1 ||     4
    Use: Scroll            |       |     6 |     2 ||     8
   Stab: Sleeping          |     8 |    13 |     2 ||    23
 Armour: Skin              |     4 |     3 |       ||     7
  Dodge: Dodged            |    25 |    44 |     4 ||    73
